[Event "*** Titled Tuesday Blitz"]
[Site "Chess.com"]
[Date "2019.02.05"]
[Round "8"]
[White "Vulcanochess"]
[Black "GMMatamoros"]
[Result "0-1"]
[WhiteElo "2303"]
[BlackElo "2509"]
[TimeControl "180+2"]
[EndTime "14:59:21 PST"]
[Termination "GMMatamoros won by resignation"]

1. d4 e6 2. c4 Bb4+ 3. Bd2 a5 4.
Nc3 d6 5. a3 Bxc3 6. Bxc3 Nf6 7. Qc2 Qe7 8. e4 e5 9. Nf3 Nc6 10. d5 Nb8 11. c5 O-O 12. cxd6 cxd6 13. Nd2 Nbd7 14. Be2 a4 15. O-O Nc5 16. Kh1 Bd7 17.
Rac1 b5 18. Qd1 Nfxe4 19. Nxe4 Nxe4 20. Bb4 Rfc8 21. f4 exf4 22. Bf3 f5 23. Qd4 Qe5 24.
Rxc8+ Rxc8 25. Qa7 Qe7 26. Qb6 Nc5 27. h3 Be8 28.
Re1 Qd8 29. Qa7 h6 30. Bc3 Bf7 31. Re7 Ra8 32. Rxf7 Rxa7 33. Rxa7 Nd7 34. Be2 Ne5 35.
Bxb5 Qb6 36. Ra8+ Kh7 37. Be2 Qf2 38. Bh5 f3 39. Bxf3 Qf1+ 40. Kh2 Nxf3+ 41. gxf3 Qf2+ 42. Kh1 Qxf3+ 43. Kh2 Qf2+ 44. Kh1 Qf3+ 45. Kh2 h5 46.
Rb8 Qxd5 47. Rd8 Qf3 48. Rd7 Qf2+ 49. Kh1 Qf3+ 50. Kh2 Qf2+ 51. Kh1 h4 52. Rxg7+ Kh6 53. Rg8 f4 54. Rh8+ Kg6 55. Rg8+ Kf5 56. Rg4 f3 57. Rg8 Ke4 58. Rg4+ Kd3 59. Rd4+ Ke2 60. Rd2+ Kf1 61. Rxf2+ Kxf2 62. Bf6 Kg3 63. Kg1 Kxh3 64.
Kf2 Kg4 65. Be7 d5 66. Bc5 h3 67. Kg1 Kf4 68. Kh2 Ke4 69. Kxh3 d4 70. Kg3 Ke3 71. Bb6 f2 72. Kg2 Ke2 73. Bxd4 f1=Q+ 74. Kg3 Qf7 75. Bc3 0-1

[Event "*** Titled Tuesday Blitz"]
[Site "Chess.com"]
[Date "2019.02.05"]
[Round "8"]
[White "Ali_rastbod"]
[Black "LyonBeast"]
[Result "0-1"]
[WhiteElo "2661"]
[BlackElo "2910"]
[TimeControl "180+2"]
[EndTime "14:59:24 PST"]
[Termination "LyonBeast won by resignation"]

1. c4 g6 2. Nc3 Bg7 3. g3 c5 4. Bg2 Nc6 5. e3 Nf6 6. Nge2 O-O 7. O-O d6 8. d4 Bd7 9. b3 Qc8 10. Bb2 Bh3 11. Nf4 Bxg2 12. Kxg2 cxd4 13. exd4 e5 14.
dxe5 dxe5 15. Nfd5 Rd8 16. Nxf6+ Bxf6 17. Nd5 Bg7 18. Qe2 Re8 19. Rad1 h5 20. Qe4 Kh7 21. Rfe1 Re6 22. h3 Rb8 23. Qf3 Qf8 24. Nc7 Rf6 25.
Qe3 Rc8 26. Nd5 Re6 27. Re2 Rd8 28. g4 f5 29. gxh5 gxh5 30. Kh1 Qf7 31. Ree1 Bh6 32. Qe2 Rg8 33. Rg1 Reg6 34. Rxg6 Qxg6 35. f4 Bxf4 36.
Nxf4 exf4 37. Rd7+ Kh6 38. Qf1 Qg3 39. Bc1 Kg5 40.
Rd3 Qh4 41. Rf3 Kg6 42. Bxf4 Qf6 43. Rg3+ Kf7 44. Rxg8 Kxg8 45. Qg2+ Kf7 46. Qd5+ Qe6 47. Qf3 Qe1+ 48. Kg2 Kg6 49. Qg3+ Qxg3+ 50. Kxg3 Nb4 51. Be3 a6 52. a3 Nc2 53. Bc1 Nd4 54. Bb2 Nxb3 55.
Kf4 Nd2 56. c5 Nc4 57. Bc1 Kf6 58. h4 a5 59. a4 Kg6 60. Kf3 Kf7 61. Ke2 Ke6 62.
Kd3 Kd5 0-1

[Event "*** Titled Tuesday Blitz"]
[Site "Chess.com"]
[Date "2019.02.05"]
[Round "8"]
[White "Didici"]
[Black "Gabrielian_Artur"]
[Result "1-0"]
[WhiteElo "2594"]
[BlackElo "2717"]
[TimeControl "180+2"]
[EndTime "14:59:24 PST"]
[Termination "Didici won by checkmate"]

1. d4 Nf6 2. Nf3 e6 3. g3 c5 4.
Bg2 cxd4 5. Nxd4 d5 6. O-O Nc6 7. c4 Be7 8. Nc3 O-O 9. cxd5 exd5 10.
Bg5 h6 11. Bf4 Re8 12. Rc1 Bg4 13. h3 Be6 14. g4 Rc8 15. Be3 Bd6 16. Qd2 Ne5 17. b3 Ng6 18. Ndb5 Bb8 19. Bxa7 Nh4 20. Bxb8 Rxb8 21. Qf4 Nxg2 22. Kxg2 Bd7 23. Nd4 Bc6 24.
e3 Ra8 25. Rfd1 Qe7 26. Nxc6 bxc6 27. Na4 c5 28. Nxc5 Rxa2 29. b4 Rb2 30. Rb1 Ra2 31.
Qd4 Rd8 32. b5 Rc2 33. Rdc1 Rxc1 34. Rxc1 Rb8 35. Rb1 Qd6 36. Nd3 Rb6 37. Nf4 Qb8 38.
Nxd5 Rxb5 39. Rxb5 Qxb5 40. Nxf6+ gxf6 41. Qxf6 Qd5+ 42. Kg3 Qh1 43. Qf3 Qg1+ 44. Qg2 Qa1 45. Kh2 Qe5+ 46.
Qg3 Qb2 47. Qf4 Qa2 48. h4 Qb2 49.
Kg3 Qb6 50. g5 hxg5 51. Qxg5+ Kf8 52. h5 Qb1 53. Qd8+ Kg7 54. Qg5+ Kf8 55. Kf3 Qh1+ 56. Kf4 Qh2+ 57. Kf3 Qh1+ 58. Ke2 Qb1 59. h6 Qc2+ 60. Kf3 Qc6+ 61. Kg3 Qh1 62. Qd8# 1-0

[Event "*** Titled Tuesday Blitz"]
[Site "Chess.com"]
[Date "2019.02.05"]
[Round "8"]
[White "TST2014"]
[Black "kintoho"]
[Result "1/2-1/2"]
[WhiteElo "2521"]
[BlackElo "2486"]
[TimeControl "180+2"]
[EndTime "14:59:24 PST"]
[Termination "Game drawn by stalemate"]

1. d4 d6 2. c4 e5 3. Nc3 exd4 4.
Qxd4 Nc6 5. Qd2 Be6 6. b3 a5 7. e4 Nf6 8. Nf3 a4 9. Rb1 axb3 10. axb3 Be7 11. Bd3 O-O 12. Nd5 Ne5 13. Nd4 Nxd3+ 14.
Qxd3 Nd7 15. O-O Nc5 16. Qf3 Bxd5 17. exd5 Bg5 18. Bb2 Bf6 19. b4 Nd7 20. Rfe1 g6 21. g3 Bg7 22. Qe2 Ra2 23. Ra1 Rxa1 24. Bxa1 Nf6 25.
Nb5 c6 26. dxc6 bxc6 27. Nd4 Qb6 28. Qf3 Qxb4 29. Bc3 Qxc4 30. Nxc6 Nd7 31. Ne7+ Kh8 32. Bxg7+ Kxg7 33. Re4 Qc1+ 34. Kg2 Ne5 35. Qe2 Ra8 36. f4 Nc6 37. f5 Nxe7 38. Rxe7 Qc6+ 39. Kh3 gxf5 40.
Qh5 Qd5 41. Qg5+ Kf8 42. Rd7 Re8 43. Qh6+ Kg8 44. Rxd6 Qe4 45. Qg5+ Kf8 46. Qh6+ Kg8 47. Qg5+ Kf8 48. Rh6 f4 49. Qxf4 Qxf4 50. gxf4 Kg7 51.
Rh4 Re3+ 52. Kg2 Kg6 53. Rg4+ Kf5 54. Rh4 Kg6 55. Rg4+ Kf5 56. Rh4 h5 57. Rxh5+ Kxf4 58. Rh4+ Kg5 59. Rh3 Rxh3 60. Kxh3 Kf4 61. Kg2 f5 62.
Kf2 Kg4 63. h4 Kxh4 64. Kf3 Kg5 65. Kg3 f4+ 66. Kf3 Kf5 67. Kf2 Ke4 68. Ke2 f3+ 69.
Kf2 Kf4 70. Kf1 Kg3 71. Kg1 f2+ 72. Kf1 Kf3 1/2-1/2

[Event "*** Titled Tuesday Blitz"]
[Site "Chess.com"]
[Date "2019.02.05"]
[Round "8"]
[White "ShadyH9"]
[Black "GrandGlacier"]
[Result "0-1"]
[WhiteElo "2315"]
[BlackElo "2206"]
[TimeControl "180+2"]
[EndTime "14:59:25 PST"]
[Termination "GrandGlacier won by resignation"]

1. d4 Nf6 2. c4 c5 3. Nf3 cxd4 4. Nxd4 Nc6 5. Nc3 d5 6. g3 e5 7. Nxc6 bxc6 8. Bg2 Be6 9. cxd5 cxd5 10. O-O Be7 11. Bg5 e4 12. Nb5 Qb6 13. Nd4 Qxb2 14. Rb1 Qa3 15. Rb7 O-O 16. Nc6 Rfe8 17. Rxe7 Rxe7 18. Bxf6 Rc7 19. Ne7+ Rxe7 20. Bxe7 Qxe7 21. Qd4 Rc8 22.
Rb1 Qc5 23. Qxc5 Rxc5 24. Rb8+ Rc8 25. Rb7 Rc1+ 26. Bf1 h5 27. Kg2 Bh3+ 28. Kxh3 Rxf1 29. Kg2 Re1 30. e3 d4 31. exd4 Re2 32. Rxa7 e3 33. Kf1 Rxf2+ 34. Ke1 Rxh2 35. Ra8+ Kh7 36. d5 Rd2 37.
Ra5 g5 38. a4 h4 39. gxh4 gxh4 40. d6 Kg6 41. Re5 Rxd6 42. Rxe3 Ra6 43. Re4 Kg5 44. Kf2 f5 45. Rb4 Rc6 46. a5 Rc2+ 47. Kg1 Ra2 48. Rb5 Kg4 49. Rb4+ f4 50. Rb8 Rxa5 51. Rg8+ Rg5 52.
Rf8 Kf3+ 53. Kh2 Ke3 54. Re8+ Kf2 55. Kh3 f3 56. Re4 Rg3+ 57. Kxh4 Kg2 58. Ra4 f2 59. Ra2 Rg8 0-1

[Event "*** Titled Tuesday Blitz"]
[Site "Chess.com"]
[Date "2019.02.05"]
[Round "8"]
[White "Supernotar"]
[Black "gmjlh"]
[Result "1/2-1/2"]
[WhiteElo "2497"]
[BlackElo "2697"]
[TimeControl "180+2"]
[EndTime "14:59:37 PST"]
[Termination "Game drawn by agreement"]

1. d4 d5 2. c4 e6 3. Nf3 Nf6 4. e3 Be7 5. Nbd2 O-O 6. Be2 c5 7. cxd5 Nxd5 8. O-O Bd7 9. dxc5 Bxc5 10. Ne4 Be7 11. Bd2 Nc6 12. Qb3 Qb6 13. Qxb6 Nxb6 14.
Rac1 Nb4 15. a3 Na6 16. Ne5 Ba4 17. Bxa6 bxa6 18. Nc6 Bh4 19. g3 Rfc8 20. Nxa7 Rc2 21. gxh4 Rxa7 22. Ba5 Nc4 23. Rxc2 Bxc2 24. Rc1 Bxe4 25.
Rxc4 f5 26. Rc8+ Kf7 27. Rc7+ Rxc7 28. Bxc7 Bf3 29. Be5 g6 30. Kf1 Ke7 31. Ke1 Kd7 32. Kd2 Kc6 33. Kc3 Kd5 34. Bf4 Be2 35. Kd2 Bf3 36. Kd3 e5 37. Bg5 Bd1 38. Bf6 Bf3 39. Bg7 Bg2 40. f4 e4+ 41. Kc3 Bf1 42. Kb4 h5 43.
Bd4 Kc6 44. Ka5 Be2 45. Kb4 Bf1 46. Kc3 Kd5 47. Ba7 Be2 48. Kb4 Kc6 49. Kc3 Kd5 50. Bb8 Bf1 51. Be5 Be2 52. Bf6 Bf1 53. Bg7 Be2 54.
Bf8 Bf1 55. Bg7 Be2 56. Kb4 Bf1 57. Be5 Be2 58. Bd4 Bf1 59. Kc3 Be2 60. b3 Bf1 61. Kb4 Be2 62. Ka5 Kc6 63. Be5 Bf1 64. Kb4 Be2 65.
Bf6 Bf1 66. Bg7 Be2 67. Bf8 Bf1 68. Kc3 Kd5 69. Bg7 Be2 70. Bh8 Bf1 71. a4 Be2 72. Bg7 Bf1 73. Bf6 Be2 74. Bd4 Bf1 75. b4 Be2 76. b5 axb5 77. a5 b4+ 78. Kxb4 Bf1 79.
Bb6 Ba6 80. Bd4 Bc4 81. Kc3 Ba6 82. Kb4 Bc4 1/2-1/2

[Event "*** Titled Tuesday Blitz"]
[Site "Chess.com"]
[Date "2019.02.05"]
[Round "8"]
[White "Th3ChessViking"]
[Black "LucaBrasi1968"]
[Result "1/2-1/2"]
[WhiteElo "2467"]
[BlackElo "2449"]
[TimeControl "180+2"]
[EndTime "14:59:39 PST"]
[Termination "Game drawn - insufficient material"]

1. c4 f5 2. g3 Nf6 3. Bg2 e6 4. Nf3 Be7 5. O-O O-O 6. Nc3 d6 7. d3 Nc6 8. Rb1 a5 9. a3 e5 10. b4 axb4 11. axb4 Qe8 12. b5 Nd8 13. Bb2 Ne6 14.
Ra1 Rxa1 15. Bxa1 b6 16. e3 Bb7 17. Nd2 Bxg2 18. Kxg2 Qa8+ 19. Qf3 Qxf3+ 20. Kxf3 Ra8 21. Bb2 g5 22. Ra1 Rxa1 23. Bxa1 Nc5 24. Ke2 Kg7 25.
Na2 Kf7 26. Nb4 Ke6 27. Na6 Kd7 28. Nb8+ Kc8 29. Nc6 Kd7 30. d4 exd4 31. exd4 Nce4 32. Nf3 h6 33. d5 Ng4 34. Nfd4 Ngxf2 35. Nxf5 Bf8 36. Bd4 Ng4 37. Kf3 Ngf6 38. Bxf6 Nxf6 39. Ncd4 Ke8 40. Ne6 Nd7 41. Nxc7+ Kf7 42. Ne6 Ne5+ 43. Ke4 Nxc4 44. Kd4 Na3 45. Nxf8 Kxf8 46. Nxd6 Ke7 47. Nc8+ Kd8 48. Nxb6 Nxb5+ 49. Ke5 Ke7 50. Nc4 Kf7 51. d6 Nc3 52. Kf5 Ne2 53. Ne5+ Ke8 54. Ke6 Nd4+ 55. Kf6 g4 56. Kg6 Nf3 57. Nxg4 Kd7 58. Kxh6 Kxd6 59. h4 Ke6 60. Ne3 Ke5 61. Kh5 Ke4 62. Ng4 Kf5 63. Nf2 Ne5 64. g4+ Kf4 65. g5 Kg3 66. Ne4+ Kf4 67.
Nf6 Kg3 68. Nd5 Kh3 69. Nf4+ Kg3 70. Ng6 Nf3 71. Kh6 Kg4 72. Kg7 Nxh4 73. Nxh4 Kxg5 1/2-1/2

[Event "*** Titled Tuesday Blitz"]
[Site "Chess.com"]
[Date "2019.02.05"]
[Round "8"]
[White "Fins0905"]
[Black "GM_dmitrij"]
[Result "0-1"]
[WhiteElo "2644"]
[BlackElo "2783"]
[TimeControl "180+2"]
[EndTime "14:59:43 PST"]
[Termination "GM_dmitrij won on time"]

1. d4 Nf6 2. c4 e6 3. Nf3 d5 4.
Bg5 Bb4+ 5. Nc3 dxc4 6. e3 b5 7. a4 c6 8. Be2 Bb7 9. Nd2 a6 10. O-O Nbd7 11. Bf3 O-O 12. Qc2 Qb6 13.
b3 cxb3 14. Nxb3 Rac8 15. Bxf6 Nxf6 16. Ne4 Nxe4 17. Qxe4 Rc7 18. a5 Qa7 19. Qe5 Rd7 20. Rfc1 Bd6 21. Qg5 h6 22. Qh5 Re7 23. Nc5 Bc8 24.
Nd3 Bd7 25. Bxc6 Rc8 26. Qf3 Ree8 27. g3 Red8 28. Rc2 Bxc6 29. Rxc6 Qa8 30. Rxc8 Qxc8 31. Rc1 Qa8 32. Qxa8 Rxa8 33. Rc6 Be7 34. Kf1 Bd8 35. Nc5 Bxa5 36. Nxa6 Bd2 37. Ke2 Ba5 38. Kd3 Kf8 39. Nc5 Bb4 40. Nb7 Ra2 41. Ke4 Rxf2 42. h4 g6 43. Rb6 Be1 44. Rxb5 Rg2 45. Nd6 Bxg3 46. Rb8+ Ke7 47. Nc8+ Kd7 48. Ra8 Bxh4 49. Nb6+ Ke7 50. Ra7+ Kf8 51. Nd7+ Kg7 52. Ne5 Rf2 53. Kd3 Bg3 54. Nc6 h5 55. Ra1 h4 56. Rg1 g5 57.
e4 Rf3+ 58. Ke2 g4 59. d5 exd5 60. exd5 h3 61. Nd4 h2 62. Rh1 Rf2+ 63. Ke3 f5 64.
Ne2 f4+ 65. Kd3 Kf6 66. d6 Ke6 67. Nd4+ Kxd6 68. Ke4 Rg2 69. Nf5+ Ke6 70. Nxg3 fxg3 71. Re1 Rg1 0-1

[Event "*** Titled Tuesday Blitz"]
[Site "Chess.com"]
[Date "2019.02.05"]
[Round "8"]
[White "1e41-0"]
[Black "Lion_DL"]
[Result "1/2-1/2"]
[WhiteElo "2528"]
[BlackElo "2407"]
[TimeControl "180+2"]
[EndTime "14:59:43 PST"]
[Termination "Game drawn by agreement"]

1. c4 Nf6 2. Nc3 g6 3. d4 Bg7 4. e4 O-O 5. Nge2 d6 6. f3 c5 7. d5 e6 8. Ng3 exd5 9. cxd5 h5 10. Be2 Nh7 11. Be3 a6 12. a4 Nd7 13. O-O h4 14.
Nh1 f5 15. exf5 Qe7 16. Qd2 gxf5 17. Nf2 Ne5 18. Rae1 Bd7 19. f4 Ng6 20. Bc4 Qf7 21. b3 Rae8 22. a5 Nf6 23. Kh1 Ng4 24. Nxg4 fxg4 25.
f5 Bxf5 26. Bxc5 Rxe1 27. Qxe1 Qd7 28. Bg1 Ne5 29. Nd1 g3 30. Ne3 Be4 31. Rxf8+ Kxf8 32. Qf1+ Kg8 33. Qf4 Bg6 34. Qxh4 gxh2 35. Bxh2 Qf7 36. Qf4 Qe7 37. Be2 Bf6 38. Nf5 Qf8 39. Nh4 Bxh4 40. Qxh4 Qf5 41. Qd8+ Kh7 42. Qh4+ Kg8 43. Qd8+ Kh7 44.
Qe7+ Nf7 45. Bxd6 Qxd5 46. Bf4 Qxb3 47. Qh4+ Kg8 48. Bf3 Qb1+ 49. Kh2 Qb5 50. Qf6 Kh7 51. Bg4 Qxa5 52. Be6 Qd8 53. Qxd8 Nxd8 54. Ba2 Kg7 55. Be5+ Kh6 56. Bd5 Nc6 57. Bxc6 bxc6 58. Bd6 Kg5 59. Kg3 Kf5 60. Kf3 Ke6 61. Ba3 Kd5 62. Ke3 Be4 63. g4 Bg6 64. Kd2 c5 65. Kc3 a5 66.
g5 Bf5 67. Bc1 Bg6 68. Ba3 Bf7 69. Bc1 Kc6 70. Ba3 Kb5 71. Bc1 Ka4 72. Be3 Kb5 73. Bc1 c4 74. Ba3 Ka4 75. Be7 Kb5 76. Bf8 Kc6 77.
g6 Bxg6 78. Kxc4 1/2-1/2

[Event "*** Titled Tuesday Blitz"]
[Site "Chess.com"]
[Date "2019.02.05"]
[Round "8"]
[White "Supelyel"]
[Black "TakeMyPieces97"]
[Result "0-1"]
[WhiteElo "2318"]
[BlackElo "2273"]
[TimeControl "180+2"]
[EndTime "14:59:43 PST"]
[Termination "TakeMyPieces97 won by resignation"]

1. c4 g6 2. Nf3 Bg7 3. g3 Nc6 4. Bg2 e5 5. Nc3 d6 6. d3 Nge7 7. O-O O-O 8. Rb1 f5 9. Bg5 h6 10. Bxe7 Nxe7 11. Qc2 g5 12. b4 Ng6 13. Nd2 f4 14. c5 g4 15. cxd6 cxd6 16. d4 Qg5 17.
dxe5 Bf5 18. Nce4 Qh5 19. exd6 Kh8 20. f3 Bd4+ 21. Rf2 fxg3 22. hxg3 Nf4 23. Qc4 Bxf2+ 24. Kxf2 Nxg2 25. Kxg2 gxf3+ 26. exf3 Qh3+ 27. Kf2 Qh2+ 28. Ke3 Rae8 29. Qd4+ Kh7 30. d7 Rd8 31. Rf1 Rxd7 32. Rf2 Rxd4 33. Rxh2 Rxb4 34. g4 Bg6 35. Ng5+ Kg8 36.
Rxh6 Kg7 37. Rh2 Re8+ 38. Nde4 Ra4 39. Rb2 Ra3+ 40. Kf4 b6 41. Rc2 Re7 42. Rc6 Ra4 43. Kg3 Rxa2 44. Ne6+ Rxe6 45. Rxe6 Bxe4 46. Rxe4 a5 47.
Re7+ Kf6 48. Rb7 Rb2 49. Kf4 a4 50. Ra7 Rb4+ 51. Kg3 Ke5 52. g5 Kf5 53. f4 Rb3+ 54.
Kh4 Kxf4 55. Rxa4+ Kf5 56. Ra8 Rb1 57. Rf8+ Kg6 58.
Rf6+ Kg7 59. Rc6 b5 60. Kh5 Rh1+ 61. Kg4 b4 62. Rb6 Rb1 63. Kf5 b3 64. Rb7+ Kf8 65.
Kf6 Rf1+ 66. Kg6 Rf3 67. Kh6 Rh3+ 68. Kg6 Rf3 69. Kh6 Rh3+ 70. Kg6 Rc3 71. Kh6 Ke8 72. g6 Rh3+ 73. Kg5 Kf8 74. Kf6 Rf3+ 75. Ke5 Kg8 76. g7 Rg3 77. Kf6 Rf3+ 78. Kg6 Rg3+ 79.
Kf6 Rf3+ 80. Kg6 Rg3+ 81. Kf6 Kh7 82. Kf7 Rxg7+ 0-1

[Event "*** Titled Tuesday Blitz"]
[Site "Chess.com"]
[Date "2019.02.05"]
[Round "8"]
[White "evgenysharapov"]
[Black "mouseWLZ"]
[Result "0-1"]
[WhiteElo "2335"]
[BlackElo "2495"]
[TimeControl "180+2"]
[EndTime "14:59:50 PST"]
[Termination "mouseWLZ won by resignation"]

1. e4 e6 2. d4 d5 3. exd5 exd5 4. Bd3 c5 5. dxc5 Bxc5 6. Nf3 Ne7 7. O-O O-O 8. Nbd2 Nbc6 9. Nb3 Bb6 10. h3 Ng6 11. c3 Re8 12. Nbd4 Nxd4 13. Nxd4 Qf6 14. Be3 Nf4 15. Bxf4 Qxf4 16. Qc2 g6 17. Rad1 Bd7 18.
Be2 Rac8 19. Qd2 Qf6 20. Bf3 Re5 21. Rfe1 Rce8 22. Rxe5 Rxe5 23. Qd3 Kg7 24. Kf1 h5 25. Re1 Rxe1+ 26. Kxe1 Qe5+ 27. Qe3 Qd6 28. a3 Bd8 29. Kf1 Bf6 30. Kg1 a6 31. Be2 Be5 32. Nf3 Bf6 33. Bd3 Bc8 34. Nd4 Bd7 35. Nf3 Qc7 36. Nd4 Be5 37. Nf3 Bf6 38. Nd4 h4 39. Nf3 Qd6 40. Nd4 b5 41. Nf3 a5 42. Nd4 b4 43.
axb4 axb4 44. Be2 bxc3 45. bxc3 Qb8 46. Qd3 Qf4 47. Qe3 Qc7 48. Bf3 Qb7 49. Qd3 Qa8 50. Be2 Be5 51. Bf1 Qa1 52. Qe3 Bf6 53. Qf3 Bxd4 54. Qxd5 Bxf2+ 55. Kxf2 Be6 56. Qd4+ Kg8 57. Be2 Qc1 58. Bf3 Qc2+ 59. Be2 Qf5+ 60. Bf3 Qg5 61. c4 Qg3+ 62. Ke3 Qe1+ 63. Be2 Qg1+ 64. Kd3 Bf5+ 65.
Kc3 Qa1+ 0-1

[Event "*** Titled Tuesday Blitz"]
[Site "Chess.com"]
[Date "2019.02.05"]
[Round "8"]
[White "BogdanDeac"]
[Black "AlexTriapishko"]
[Result "1/2-1/2"]
[WhiteElo "2743"]
[BlackElo "2768"]
[TimeControl "180+2"]
[EndTime "15:00:00 PST"]
[Termination "Game drawn by repetition"]

1. e4 c6 2. d4 d5 3. e5 Bf5 4. Nf3 e6 5. Be2 Ne7 6. c3 h6 7. O-O Nd7 8. Nbd2 g5 9. Re1 Bg7 10. Nf1 c5 11. Ne3 Bg6 12. h4 Nc6 13. hxg5 hxg5 14.
Ng4 Qb6 15. Bd3 Bh5 16. dxc5 Nxc5 17. Nf6+ Bxf6 18. exf6 Bxf3 19. Qxf3 g4 20. Qg3 Nxd3 21.
Qxd3 O-O-O 22. Bf4 Rh5 23. b4 Rdh8 24. Kf1 Rf5 25. Bg3 Ne5 26. Rxe5 Rh1+ 27. Ke2 Rxe5+ 28. Bxe5 Rxa1 29. Qh7 Qb5+ 30. Ke3 Re1+ 31. Kf4 Re4+ 32. Kg3 Qe8 33. Bd6 b5 34. Bc5 a6 35. Qh6 Kd7 36. Qg7 Rc4 37. Bd4 Qb8+ 38. Kh4 Qe8 39. Qxg4 Kd6 40. f4 Qh8+ 41. Kg3 Rc8 42. Be5+ Kc6 43. Qh3 Rg8+ 44. Kh2 d4 45. cxd4 Kd5 46. g4 Ke4 47.
Qxh8 Rxh8+ 48. Kg3 Rh1 49. Kg2 Rc1 50. f5 exf5 51. g5 Rc8 52. g6 Rg8 53. g7 f4 54.
Kf2 f3 55. a3 Rc8 56. Bc7 Re8 57. Bd6 Rc8 58. Bf8 Rc2+ 59. Kf1 Rg2 60. Bc5 Kd5 61. Ke1 Kc4 62. Kf1 Kd5 63. Ke1 Ke6 64. Be7 Kd5 65.
Bc5 Kc6 66. Kf1 Kd5 67. Ke1 Kc4 68. Kf1 Kd5 69. Ke1 1/2-1/2

[Event "*** Titled Tuesday Blitz"]
[Site "Chess.com"]
[Date "2019.02.05"]
[Round "8"]
[White "Peng_Li-Min"]
[Black "kuli4ik"]
[Result "1/2-1/2"]
[WhiteElo "2693"]
[BlackElo "2834"]
[TimeControl "180+2"]
[EndTime "15:00:14 PST"]
[Termination "Game drawn by stalemate"]

1. e4 e6 2. d4 d5 3. Nc3 Be7 4. Nf3 Nf6 5. Bd3 c5 6. exd5 exd5 7. O-O c4 8. Be2 O-O 9. Ne5 Nc6 10. Bf4 Bb4 11.
Bf3 Be6 12. h3 Qb6 13. Nxc6 bxc6 14. Ne2 Bf5 15. b3 Qa6 16. Ng3 Bg6 17. Bd2 Ba3 18. Rb1 Rfe8 19. Be2 Bd6 20. Ra1 Bxg3 21. fxg3 Ne4 22. Be1 Rad8 23. a3 c5 24. Kh2 cxd4 25. Qxd4 Nxg3 26. Bxg3 Rxe2 27. Rf2 Rxc2 28. Rxc2 Bxc2 29.
bxc4 Qxc4 30. Qxa7 d4 31. Re1 h6 32. Qc7 Qxc7 33. Bxc7 Rd7 34. Re8+ Kh7 35. Ba5 d3 36. Bd2 Ra7 37. Bb4 Rb7 38. Rd8 Rb5 39. Bd2 Re5 40.
Bb4 Re4 41. Rd6 f6 42. Rd7 Kg8 43. Kg3 Re6 44. Kf4 Re8 45. g4 Rc8 46. Ke3 Re8+ 47. Kf4 Re5 48. Bc3 Rb5 49. Ke3 h5 50. Kd2 hxg4 51.
hxg4 Rg5 52. Rd4 Kh7 53. a4 Re5 54. Rxd3 Bxd3 55. Bxe5 Ba6 56. Bf4 g5 57. Bd6 Bc8 58.
Be7 Kg6 59. a5 Bxg4 60. a6 Bf3 61. Ke3 Ba8 62. a7 f5 63. Bd6 Kh5 64. Kf2 Kg4 65. Be7 f4 66. Bd8 Kf5 67. Be7 g4 68. Bh4 Bb7 69. Kg1 Ke4 70. Kf2 Ba8 71. Kg1 Kf3 72. Be1 g3 73. Bd2 Bb7 74. Be1 Ke2 75. Bxg3 fxg3 76. a8=Q Bxa8 1/2-1/2

[Event "*** Titled Tuesday Blitz"]
[Site "Chess.com"]
[Date "2019.02.05"]
[Round "8"]
[White "AryanTari"]
[Black "NateSolon"]
[Result "1/2-1/2"]
[WhiteElo "2800"]
[BlackElo "2551"]
[TimeControl "180+2"]
[EndTime "15:00:21 PST"]
[Termination "Game drawn by agreement"]

1. c4 Nf6 2. Nc3 c6 3. e4 d5 4.
cxd5 cxd5 5. e5 Ne4 6. Nf3 Nc6 7. Be2 Bf5 8. d4 e6 9. O-O Be7 10. Be3 O-O 11. Nxe4 Bxe4 12. Nd2 Bg6 13. a3 Rc8 14. b4 f6 15. f4 fxe5 16. fxe5 Rxf1+ 17. Bxf1 Bg5 18. Qe1 Bxe3+ 19. Qxe3 Ne7 20. Nb3 Be4 21. Nc5 Nf5 22.
Qf2 b6 23. Nxe6 Qe7 24. Nf4 Rc2 25. Ne2 Qg5 26. Re1 Ne3 27. Qf4 Qxf4 28. Nxf4 Nf5 29. Rd1 Ra2 30. Bd3 Ne3 31. Bxe4 dxe4 32. Re1 Rxa3 33. d5 g5 34. Ne6 Nxd5 35. Rxe4 Rb3 36. Rd4 Nxb4 37. Rd7 Nd3 38. h4 Nxe5 39. Rg7+ Kh8 40. Rxa7 h6 41. hxg5 hxg5 42. Nxg5 Ng4 43. Kf1 Rb2 44. Ra3 Kg7 45. Rg3 Nf6 46. Re3 Kg6 47.
Ne6 b5 48. Nd4 b4 49. Re6 Kf7 50. Rb6 Ne4 51. Kg1 Nc3 52. Kh2 Nd5 53. Rb7+ Kf6 54. Kg1 Ke5 55. Nf3+ Ke4 56. Ng5+ Kd3 57. Rd7 Kc4 58. Ne4 Ne3 59. g3 b3 60. Nd2+ Kc3 61.
Nxb3 Rxb3 62. Kf2 Nc4 63. Rd5 Kb4 64. g4 Nb6 65. Re5 Nc4 66. Re4 Kc5 67. g5 Kd5 68. Re8 Ne5 69. Kg2 Ke4 70. g6 Rb6 71. Rg8 Nxg6 72.
Kg3 Ne5 73. Re8 Rb3+ 74. Kf2 Rb2+ 75. Ke1 Ra2 76. Kd1 Kd4 77. Rd8+ Ke3 78. Re8 Ke4 79. Re7 Rh2 80. Re8 Kd4 81. Rd8+ Ke3 82. Re8 Rh5 83.
Kc2 Kd4 84. Kb3 Rh3+ 85. Kc2 Re3 86. Rd8+ Ke4 87. Re8 Rh3 1/2-1/2

[Event "*** Titled Tuesday Blitz"]
[Site "Chess.com"]
[Date "2019.02.05"]
[Round "8"]
[White "Eliwood44"]
[Black "AsaHoffmann"]
[Result "1-0"]
[WhiteElo "2151"]
[BlackElo "2188"]
[TimeControl "180+2"]
[EndTime "15:00:40 PST"]
[Termination "Eliwood44 won by resignation"]

1. d4 Nf6 2. Nf3 d6 3. Nc3 Bf5 4. Nh4 Bd7 5. e4 e5 6. Nf3 Nc6 7. d5 Ne7 8. h3 Ng6 9. a4 Be7 10. Bb5 O-O 11. Qe2 Nh5 12. Bxd7 Nhf4 13. Qf1 Qxd7 14.
g3 Nh5 15. Be3 f5 16. exf5 Qxf5 17. Nd2 Qxc2 18. Qb5 b6 19. a5 Bf6 20. axb6 axb6 21. Rxa8 Rxa8 22. O-O Nhf4 23. Qd7 Rd8 24. Qxc7 Nxh3+ 25. Kg2 Ng5 26. Bxg5 Bxg5 27. Nde4 Be7 28. Qxb6 Qd3 29.
Rd1 Qc4 30. Qc6 Qb3 31. Rd2 h6 32. Nb5 Qb4 33. Nbc3 Qb8 34. Re2 Bg5 35. Nxg5 hxg5 36. Ne4 Ne7 37. Qc4 g4 38. Ng5 Qc8 39. Qe4 Qf5 40.
Qxf5 Nxf5 41. Rc2 Ne7 42. Ne6 Rb8 43. Rc7 Nxd5 44. Rxg7+ Kh8 45. Rxg4 Rxb2 46. Rg5 Nc3 47. Nd8 Ne4 48. Rf5 Kg7 49. g4 Kg6 50. Ne6 Nf6 51.
Nf8+ Kf7 52. Nh7 Ke6 53. Nxf6 d5 54. Nh5 d4 55. Rf8 d3 56. Rd8 e4 57. Ng3 Ke5 58. Re8+ Kf4 59. Rxe4+ Kg5 60. Kf3 d2 61. Re5+ Kf6 62. Rd5 Ke6 63. Rd8 Ke7 64. Rd4 Ke6 65.
Ke2 Ke5 66. Rxd2 Rb4 67. Rd3 Rxg4 68. Kf3 Ra4 69. Rb3 Ra2 70. Rb5+ Ke6 71. Ne4 Ra3+ 72. Kf4 Ra4 73. f3 Rc4 74. Rb6+ Ke7 75. Ke5 Ra4 76.
Rb7+ Kd8 77. f4 Ra5+ 78. Ke6 Kc8 79. Rh7 Ra6+ 80. Kd5 Ra5+ 81. Nc5 Kd8 82. f5 Ke8 83.
f6 Kf8 84. Ke6 Kg8 85. Rg7+ Kh8 86. Rc7 Ra8 87. Kf5 Kg8 88. Kg6 Kh8 89. Rh7+ Kg8 90. f7+ Kf8 91. Ne6+ Ke7 92. f8=Q+ Kxe6 93. Qf6+ 1-0

[Event "*** Titled Tuesday Blitz"]
[Site "Chess.com"]
[Date "2019.02.05"]
[Round "8"]
[White "j2806"]
[Black "masrahi"]
[Result "1/2-1/2"]
[WhiteElo "1802"]
[BlackElo "1847"]
[TimeControl "180+2"]
[EndTime "15:00:58 PST"]
[Termination "Game drawn - insufficient material"]

1. e4 c6 2. d4 d5 3. exd5 cxd5 4. Bd3 Nc6 5. c3 Qc7 6. h3 g6 7. Nf3 Nf6 8. O-O Bf5 9. Re1 Bxd3 10. Qxd3 e6 11.
Nbd2 Bg7 12. Ne5 O-O 13. Ndf3 Rab8 14. Bf4 Nh5 15. Bh2 Nxe5 16. Nxe5 Qd8 17. Re2 Bh6 18.
Ng4 Bf4 19. g3 Bd6 20. Qe3 Nf6 21. Qh6 Nxg4 22. hxg4 Qf6 23. Kg2 b5 24. a3 a5 25.
Rh1 b4 26. g5 Qg7 27. Qxg7+ Kxg7 28. axb4 axb4 29. Rc1 bxc3 30. bxc3 Rfc8 31. Bg1 Rc4 32. f4 Rb3 33. Rec2 Ba3 34. Ra1 Rbxc3 35. Rxc3 Rxc3 36.
Bf2 Bb2 37. Rb1 Rc2 38. Rd1 f6 39. gxf6+ Kxf6 40. Kf3 Kf5 41. Re1 Rc3+ 42. Re3 Rxe3+ 43. Bxe3 h6 44. g4+ Kf6 45. Bf2 g5 46. fxg5+ hxg5 47. Be3 e5 48. dxe5+ Bxe5 49. Ke2 d4 50. Bd2 Bf4 51.
Bb4 Ke5 52. Kd3 Kd5 53. Be7 Be3 54. Bf6 Kc5 55. Be7+ Kd5 56. Bf6 Ke6 57. Bxd4 Bc1 58. Be3 Bxe3 59. Kxe3 Ke5 60. Kf3 Kd4 61. Kf2 Ke4 62.
Kg2 Kf4 63. Kh2 Ke4 64. Kh3 Kf3 65. Kh2 Kf4 66. Kh3 Ke3 67. Kg3 Ke4 68. Kh3 Kf4 69.
Kh2 Kxg4 70. Kg2 Kh4 71. Kh2 g4 72. Kg2 g3 73. Kg1 Kh3 74. Kh1 Kg4 75. Kg2 Kf4 76.
Kg1 Kf3 77. Kf1 Ke4 78. Kg2 Kd5 79. Kxg3 1/2-1/2